 Dungeon Crawl Stone Soup version 0.28.0-43-g3370ac3207 (webtiles) character file.

Game seed: 13872552592330932843

99 styxcanada the Sneak (level 4, 0/23 HPs)
             Began as a Spriggan Brigand on Mar 26, 2022.
             Slain by a worm (10 damage)
             ... on level 3 of the Dungeon.
             The game lasted 00:08:32 (2521 turns).

styxcanada the Sneak (Spriggan Brigand)             Turns: 2521, Time: 00:08:33

Health: 0/23       AC:  3    Str:  7    XL:     4   Next: 45%
Magic:  6/6        EV: 17    Int: 12    God:
Gold:   63         SH:  0    Dex: 18    Spells: 3/5 levels left

rFire   . . .      SeeInvis +   a - +2 dagger (flame)
rCold   . . .      Faith    .   (no shield)
rNeg    . . .      Spirit   .   b - +0 robe
rPois   .          Reflect  .   (helmet restricted)
rElec   .          Harm     .   c - +0 cloak
rCorr   .          Rampage  .   (gloves unavailable)
Will    .....                   (boots unavailable)
Stlth   ++++......              (no amulet)
HPRegen 0.07/turn               (no ring)
MPRegen 0.10/turn               (no ring)

@: very quick
A: very small, no large weapons, unfitting armour, see invisible, speed 3
a: no special abilities


You were on level 3 of the Dungeon.
You visited 1 branch of the dungeon, and saw 3 of its levels.

You collected 63 gold pieces.

Inventory:

Hand Weapons
 a - a +2 dagger of flaming (weapon)
 n - a +0 hunting sling
Missiles
 d - 2 poisoned darts (quivered)
 e - 2 curare-tipped darts
 h - 60 stones
Armour
 b - a +0 robe (worn)
 c - a +0 cloak (worn)
Jewellery
 i - a ring of resist corrosion
 k - a ring of fire
Scrolls
 j - a scroll of fear
 l - a scroll of teleportation {unknown}
 m - a scroll of enchant weapon {unknown}
Potions
 f - 3 potions of ambrosia
 g - a potion of berserk rage {unknown}


   Skills:
 * Level 1.9 Fighting
 + Level 2.8 Short Blades
 + Level 2.3 Throwing
 * Level 2.3 Dodging
 * Level 7.2 Stealth
 * Level 1.1 Spellcasting
 * Level 0.5 Hexes
 * Level 0.2 Ice Magic


You had 3 spell levels left.
You knew the following spells:

 Your Spells              Type           Power      Damage    Failure   Level
a - Ensorcelled Hibernat  Hex/Ice        2%         N/A       36%         2

Your spell library contained the following spells:

 Spells                   Type           Power      Damage    Failure   Level
 Passwall                 Tmut/Erth      0%         N/A       41%         2
 Swiftness                Air            0%         N/A       65%         3


Dungeon Overview and Level Annotations

Branches:
Dungeon (3/15)

Altars:
Qazlal

Shops:
D:2 :


Innate Abilities, Weirdness & Mutations

You are very small and have problems with some larger weapons.
You are too small for most types of armour.
You have supernaturally acute eyesight. (SInv)
You cover ground extremely quickly. (Speed+++)


Message History

Unknown command.
Throw: dart (poison)
Press: ? - help, Q - select action, (/) - cycle Shift-Dir - straight line, f/p - worm
Aim: a worm (lightly wounded, 79% to hit)
You throw a poisoned dart. The poisoned dart hits the worm.
The worm is poisoned.
The worm is lightly wounded.
The worm looks more healthy.
You see here 2 poisoned darts.
d - 2 poisoned darts The adder skeleton bites you.
You hit the adder skeleton. You burn the adder skeleton.
The adder skeleton is lightly damaged.
The adder skeleton bites you.
You barely miss the adder skeleton.
The adder skeleton is lightly damaged.
The adder skeleton bites you.
You hit the adder skeleton. You burn the adder skeleton.
The adder skeleton is severely damaged.
The adder skeleton bites you.
You hit the adder skeleton. You burn the adder skeleton.
The adder skeleton is almost destroyed.
You barely miss the worm.
The worm is lightly wounded.
You hit the worm. You burn the worm.
The worm is moderately wounded.
You hit the worm. You burn the worm.
The worm is moderately wounded.
The worm bites you.
You barely miss the worm.
The worm is moderately wounded.
You hit the worm but do no damage.
The worm is moderately wounded.
The worm barely misses you.
You hit the worm. You burn the worm.
The worm is heavily wounded.
You hit the worm. You burn the worm.
The worm is severely wounded.
The worm bites you!
You die...

#........# ..... ###..
?..(. #B...
#...####.## .##...
#...#.((†.# ..#...
#.....###....._.......
#.....#####...... #...
#....Z..####.....##...
#####w#...^##...##....
#@###...##.##.....
##.#.†....#..#.....
#....####.##.#.....
#.#.## #.##J#.....
#...# #.S#.......
#..## ##..B...... ....
###....... .....
#....... .....
#.......


You could see a worm and an adder skeleton.

Vanquished Creatures
  4 adders
  A worm (D:2)
  3 dart slugs
  3 endoplasms
  2 giant cockroaches
  6 goblins
  3 hobgoblins
  4 quokkas
  8 ball pythons
  4 bats
  4 frilled lizards
  9 kobolds
  5 rats
56 creatures vanquished.

Notes
Turn   | Place    | Note
-------+----------+-------------------------------------------
     0 | D:1      | styxcanada the Spriggan Brigand began the quest for the
                  | Orb.
     0 | D:1      | Reached XP level 1. HP: 10/10 MP: 2/2
    45 | D:1      | Reached skill level 6 in Stealth
   181 | D:1      | Reached XP level 2. HP: 9/14 MP: 3/3
  1023 | D:1      | Reached XP level 3. HP: 18/18 MP: 4/4
  1132 | D:1      | You fall into a shaft and drop 1 floor!
  1167 | D:2      | Reached skill level 7 in Stealth
  1501 | D:2      | Found Nutt's Book Boutique.
  1507 | D:2      | Found a faded altar of an unknown god.
  1517 | D:2      | Learned a level 2 spell: Ensorcelled Hibernation
  1945 | D:2      | Reached XP level 4. HP: 13/23 MP: 6/6
  2174 | D:2      | Reached skill level 1 in Spellcasting
  2475 | D:3      | Found a stormy altar of Qazlal.
  2521 | D:3      | Slain by a worm

Illustrated notes

Levels and vault maps discovered:
D:1:      matt_arrival_spirals, layout_basic
D:2:      layout_rooms, serial_shops, nicolae_shop_competitors_out_of_business,
          chequers_ecumenical_altar_island, serial_aquarium,
          aquarium_bridge_straight [aquarium_subvault_bridge,
          aquarium_subvault_wall, aquarium_subvault_bridge,
          aquarium_subvault_window], aquarium_window_1, aquarium_window_fake,
          aquarium_view_2d, aquarium_balcony_5b
D:3:      layout_rooms, lemuel_round_altar, minmay_starry_boxes

Skill      XL: |  1  2  3  4 |
---------------+-------------+-----
Stealth        | 6 7 |  7.2
Dodging        | 2 |  2.3
Spellcasting   | 1 |  1.1
Fighting       | |  1.9
Short Blades   | |  2.8
Throwing       | |  2.3
Hexes          | |  0.5
Ice Magic      | |  0.2

Action                   |  1- 3 |  4- 6 || total
-------------------------+-------+-------++-------
Melee: Dagger            |   147 |    37 ||   184
       Punch             |     3 |       ||     3
Throw: Dart              |    33 |     9 ||    42
       Stone             |     1 |     2 ||     3
  Use: Scroll            |     3 |     3 ||     6
 Stab: Sleeping          |    11 |     3 ||    14
Armor: Robe              |    23 |       ||    23
Dodge: Dodged            |   128 |    24 ||   152
